MLB
CALIFORNIA ANGELS @ TEXAS RANGERS
03/19/2048
 
TOP OF THE 1ST
California Angels batting - Pitching for Texas Rangers : RHP Kelly Goosecock
Pitching: RHP Kelly Goosecock
Batting: RHB Alain Delhaye 0-0: Ball
1-0: Ball
2-0: Swinging Strike
2-1: Foul Ball, location: 2F
2-2: Strikes out swinging
Batting: RHB Luis Romero 0-0: Ball
1-0: SINGLE (Groundball, 25, EV 62.5 MPH) (infield hit)
Batting: LHB Rusty Ney 0-0: Ball
1-0: Ball
2-0: Foul Ball, location: 2F
2-1: Called Strike
2-2: Foul Ball, location: 2F
2-2: Strikes out swinging
Batting: RHB Nick Dunn 0-0: Ball
1-0: Foul Ball, location: 2F
1-1: Ball
2-1: Ball
3-1: DOUBLE (Flyball, 8RXD, EV 102.5 MPH)
Luis Romero to third
Runner from 3rd tries for Home, SAFE, no throw by CF
Batting: LHB Javier Trujillo 0-0: Called Strike
0-1: Ball
1-1: Ball
2-1: SINGLE (Groundball, 34D, EV 103.1 MPH) (infield hit)
Nick Dunn to third
Batting: LHB Brett Bugge 0-0: Ball
1-0: Foul Ball, location: 2F
1-1: Fly out, F8 (Line Drive, 8RD, EV 90.6 MPH)
Top of the 1st over - 1 run, 3 hits, 0 errors, 2 left on base; California 1 - Texas 0
BOTTOM OF THE 1ST
Texas Rangers batting - Pitching for California Angels : RHP Harambe Vick
Pitching: RHP Harambe Vick
Batting: RHB Danny Murillo 0-0: Swinging Strike
0-1: Ball
1-1: Foul Ball, location: 2F
1-2: Strikes out looking
Batting: RHB Butch Kaiser 0-0: Called Strike
0-1: Ball
1-1: Ground out 4-3 (Groundball, 4S, EV 81.2 MPH)
Batting: SHB John Giesbrecht 0-0: Ball
1-0: DOUBLE (Flyball, 8RXD, EV 88.8 MPH)
Batting: RHB Ray Llewellyn 0-0: Ball
1-0: Ball
2-0: Ball
3-0: Base on Balls
Batting: LHB Zion Davidson 0-0: Foul Ball, location: 2F
0-1: Called Strike
0-2: Ball
1-2: Strikes out swinging
Bottom of the 1st over - 0 runs, 1 hit, 0 errors, 2 left on base; California 1 - Texas 0
TOP OF THE 2ND
California Angels batting - Pitching for Texas Rangers : RHP Kelly Goosecock
Batting: RHB Avery Maxwell 0-0: Called Strike
0-1: Hit by Pitch
Batting: LHB Jonathon Walton 0-0: Called Strike
0-1: Called Strike
Avery Maxwell steals 2nd base (no throw)
0-2: Foul Ball, location: 2F
0-2: Foul Ball, location: 2F
0-2: Foul Ball, location: 2F
0-2: Ball
1-2: Ball
2-2: Ball
3-2: Strikes out swinging
Batting: RHB Brandon Davis 0-0: Called Strike
0-1: Foul Ball, location: 2F
0-2: Ball
1-2: Strikes out swinging
Batting: RHB Alain Delhaye 0-0: Ball
1-0: Called Strike
1-1: Swinging Strike
1-2: SINGLE (Groundball, 56S, EV 66.9 MPH) (infield hit)
Avery Maxwell to third
Batting: RHB Luis Romero 0-0: Called Strike
0-1: Ball
1-1: Called Strike
1-2: SINGLE (Line Drive, 7S, EV 103.8 MPH)
Avery Maxwell scores
Alain Delhaye to second
Batting: LHB Rusty Ney 0-0: Ball
1-0: Ball
2-0: Ball
3-0: Called Strike
3-1: Base on Balls
Alain Delhaye to third
Luis Romero to second
Batting: RHB Nick Dunn 0-0: Ball
1-0: Ball
2-0: Ground out 6-3 (Groundball, 6S, EV 86.9 MPH)
Top of the 2nd over - 1 run, 2 hits, 0 errors, 3 left on base; California 2 - Texas 0
BOTTOM OF THE 2ND
Texas Rangers batting - Pitching for California Angels : RHP Harambe Vick
Batting: RHB Mike Quackenbush 0-0: Swinging Strike
0-1: Called Strike
0-2: Ball
1-2: Fly out, F8 (Flyball, 8LXD, EV 89.4 MPH)
Batting: RHB Danny Heyer 0-0: Called Strike
0-1: Foul Ball, location: 2F
0-2: Strikes out looking
Batting: RHB Martin Guerrero 0-0: Called Strike
0-1: Ball
1-1: Ball
2-1: Called Strike
2-2: Foul Ball, location: 2F
2-2: Foul Ball, location: 2F
2-2: Fly out, F9 (Flyball, 9D, EV 106.9 MPH)
Bottom of the 2nd over - 0 runs, 0 hits, 0 errors, 0 left on base; California 2 - Texas 0
TOP OF THE 3RD
California Angels batting - Pitching for Texas Rangers : RHP Kelly Goosecock
Batting: LHB Javier Trujillo 0-0: Fly out, F9 (Flyball, 89M, EV 95.6 MPH)
Batting: LHB Brett Bugge 0-0: Fly out, F8 (Flyball, 8LS, EV 91.9 MPH)
Batting: RHB Avery Maxwell 0-0: Called Strike
0-1: Ball
1-1: Ball
2-1: Ball
3-1: Base on Balls
Batting: LHB Jonathon Walton 0-0: Ball
1-0: Ground out U3 (Groundball, 3L, EV 98.8 MPH)
Top of the 3rd over - 0 runs, 0 hits, 0 errors, 1 left on base; California 2 - Texas 0
BOTTOM OF THE 3RD
Texas Rangers batting - Pitching for California Angels : RHP Harambe Vick
Batting: RHB Jeremy Boerman 0-0: Reached on error, E1 (Groundball, 13S, EV 61.9 MPH)
Batting: RHB Danny Murillo 0-0: Ball
Wild Pitch!
Jeremy Boerman to third
1-0: Ball
2-0: Swinging Strike
2-1: Foul Ball, location: 2F
2-2: Strikes out swinging
Batting: RHB Butch Kaiser 0-0: Ball
1-0: Foul Ball, location: 2F
1-1: Swinging Strike
Passed Ball!
Jeremy Boerman scores
1-2: Strikes out swinging
Batting: SHB John Giesbrecht 0-0: Swinging Strike
0-1: Swinging Strike
0-2: Ball
1-2: Ball
2-2: Foul Ball, location: 2F
2-2: Foul Ball, location: 2F
2-2: Ball
3-2: Base on Balls
Pitching: RHP Allen Weaver
Batting: RHB Ray Llewellyn 0-0: Foul Ball, location: 2F
0-1: Ball
1-1: Swinging Strike
1-2: Foul Ball, location: 2F
1-2: Hit by Pitch
John Giesbrecht to second
Batting: LHB Zion Davidson 0-0: Ball
1-0: Called Strike
1-1: Ball
2-1: Ball
3-1: Base on Balls
John Giesbrecht to third
Ray Llewellyn to second
Batting: RHB Mike Quackenbush 0-0: Foul Ball, location: 2F
0-1: Called Strike
0-2: Strikes out looking
Bottom of the 3rd over - 1 run, 0 hits, 1 error, 3 left on base; California 2 - Texas 1
TOP OF THE 4TH
California Angels batting - Pitching for Texas Rangers : RHP Kelly Goosecock
Pitching: RHP Takehide Tanaka
Batting: RHB Brandon Davis 0-0: Ball
1-0: SINGLE (Groundball, 4MD, EV 110.6 MPH)
Pinch Hitting: LHB Micah Miller 0-0: Ball
1-0: Swinging Strike
Pickoff Throw by Catcher to First - Out!
1-1: Swinging Strike
1-2: Strikes out swinging
Batting: RHB Luis Romero 0-0: Ball
1-0: Foul Ball, location: 2F
1-1: Called Strike
1-2: Ball
2-2: Ball
3-2: Fly out, F8 (Flyball, 8LM, EV 71.9 MPH)
Top of the 4th over - 0 runs, 1 hit, 0 errors, 0 left on base; California 2 - Texas 1
BOTTOM OF THE 4TH
Texas Rangers batting - Pitching for California Angels : RHP Allen Weaver
Now in LF: Rusty Ney
Now in RF: Micah Miller
Batting: RHB Danny Heyer 0-0: Ball
1-0: Ball
2-0: Ball
3-0: Base on Balls
Batting: RHB Martin Guerrero 0-0: Ball
1-0: Bunted foul
1-1: Reached on error, E1 (Groundball, P, EV 43.8 MPH)
Danny Heyer to second
Batting: RHB Jeremy Boerman 0-0: Called Strike
0-1: Called Strike
0-2: Strikes out swinging
Pinch Hitting: RHB Chad Thompson 0-0: Grounds into double play, 5-4-3 (Groundball, 5, EV 83.1 MPH)
Bottom of the 4th over - 0 runs, 0 hits, 1 error, 1 left on base; California 2 - Texas 1
TOP OF THE 5TH
California Angels batting - Pitching for Texas Rangers : RHP Takehide Tanaka
Pitching: RHP Luis Herrera
Now at C: Alvare Bairro
Now in RF: Chad Thompson
Pinch Hitting: LHB James McCauley 0-0: Called Strike
0-1: Swinging Strike
0-2: Foul Ball, location: 2F
0-2: Ball
1-2: Strikes out swinging
Batting: RHB Nick Dunn 0-0: Foul Ball, location: 2F
0-1: Foul Ball, location: 2F
0-2: Ball
1-2: Strikes out swinging
Batting: LHB Javier Trujillo 0-0: Called Strike
0-1: Ball
1-1: Ground out 4-3 (Groundball, 4, EV 82.5 MPH)
Top of the 5th over - 0 runs, 0 hits, 0 errors, 0 left on base; California 2 - Texas 1
BOTTOM OF THE 5TH
Texas Rangers batting - Pitching for California Angels : RHP Allen Weaver
Now at 2B: Terry Baginski
Now at 3B: Ryuji Ito
Now in LF: James McCauley
Batting: SHB Vince Ealy 0-0: Foul Ball, location: 2F
0-1: Ball
1-1: Ball
2-1: TRIPLE (Flyball, 8RXD, EV 90.0 MPH)
Batting: SHB John Giesbrecht 0-0: SINGLE (Flyball, 8RS, EV 86.9 MPH)
Vince Ealy scores
Batting: SHB Alvare Bairro 0-0: Ball
1-0: Ball
2-0: Ball
3-0: Called Strike
3-1: Called Strike
3-2: SINGLE (Groundball, 56D, EV 99.4 MPH)
John Giesbrecht to second
Batting: LHB Zion Davidson 0-0: Swinging Strike
0-1: Ball
1-1: Fielders Choice at 2nd, 2-4 (Groundball, 2L, EV 65.6 MPH)
John Giesbrecht to third
Pinch Hitting: RHB Carlos Lopez 0-0: Ball
1-0: Ball
Pickoff Throw by Catcher to First - Out!
2-0: Called Strike
2-1: Fly out, F9 (Line Drive, 9, EV 86.9 MPH)
Bottom of the 5th over - 1 run, 3 hits, 0 errors, 1 left on base; California 2 - Texas 2
TOP OF THE 6TH
California Angels batting - Pitching for Texas Rangers : RHP Luis Herrera
Pitching: RHP Andrew Coker
Now at SS: Carlos Lopez
Batting: RHB Ryuji Ito 0-0: Called Strike
0-1: Ball
1-1: Ball
2-1: Ball
3-1: Foul Ball, location: 2F
3-2: Fly out, F7 (Line Drive, 7, EV 88.8 MPH)
Batting: RHB Avery Maxwell 0-0: Ball
1-0: Ball
2-0: SINGLE (Groundball, 25, EV 62.5 MPH) (infield hit)
Batting: RHB Bjoern Waltersson 0-0: Ball
1-0: Called Strike
1-1: Ball
2-1: 2-RUN HOME RUN (Flyball, 7LD, EV 96.2 MPH), Distance : 366 ft
Pinch Hitting: LHB Justin Alexander 0-0: SINGLE (Line Drive, 9LS, EV 105.0 MPH)
Batting: LHB Micah Miller 0-0: Called Strike
0-1: Called Strike
0-2: Fielders Choice at 2nd, 4-6 (Groundball, 4, EV 86.9 MPH)
Pinch Hitting: RHB Preston Deakyne 0-0: Called Strike
0-1: Ball
1-1: Called Strike
1-2: Ball
2-2: Ball
3-2: Foul Ball, location: 2F
3-2: Base on Balls
Micah Miller to second
Batting: LHB James McCauley 0-0: Called Strike
0-1: Fly out, F8 (Flyball, 8LD, EV 105.0 MPH)
Top of the 6th over - 2 runs, 3 hits, 0 errors, 2 left on base; California 4 - Texas 2
BOTTOM OF THE 6TH
Texas Rangers batting - Pitching for California Angels : RHP Allen Weaver
Pitching: RHP Nick Madrid
Now at 1B: Ryuji Ito
Now at 3B: Preston Deakyne
Now at SS: Josh Faulconer
Now in LF: Justin Alexander
Now in CF: James McCauley
Pinch Hitting: RHB Reilly Hawkins 0-0: Called Strike
0-1: Ball
1-1: Called Strike
1-2: Strikes out looking
Pinch Hitting: RHB Trevor Mock 0-0: Foul Ball, location: 2F
0-1: Ball
1-1: Foul Ball, location: 2F
1-2: SINGLE (Flyball, 8LS, EV 96.9 MPH)
Pinch Hitting: LHB Sean Geisler 0-0: 2-RUN HOME RUN (Flyball, 9D, EV 98.8 MPH), Distance : 366 ft
Batting: RHB Chad Thompson 0-0: Foul Ball, location: 2F
0-1: Called Strike
0-2: Strikes out swinging
Batting: SHB Vince Ealy 0-0: Ball
1-0: Ball
2-0: Ball
3-0: Called Strike
3-1: Ground out 1-3 (Groundball, 15, EV 68.8 MPH)
Bottom of the 6th over - 2 runs, 2 hits, 0 errors, 0 left on base; California 4 - Texas 4
TOP OF THE 7TH
California Angels batting - Pitching for Texas Rangers : RHP Andrew Coker
Pitching: RHP Isaburo Ishihara
Now at 1B: Sean Geisler
Now at 3B: Reilly Hawkins
Now in CF: Trevor Mock
Batting: RHB Terry Baginski 0-0: Ball
1-0: Called Strike
1-1: Ground out 5-3 (Groundball, 56S, EV 86.2 MPH)
Pitching: RHP Kyle Curve
Batting: RHB Josh Faulconer 0-0: Foul Ball, location: 2F
0-1: Foul Ball, location: 2F
0-2: Foul Ball, location: 2F
0-2: Foul Ball, location: 2F
0-2: Ground out 6-3 (Groundball, 6, EV 87.5 MPH)
Batting: RHB Ryuji Ito 0-0: Ball
1-0: Ball
2-0: Ball
3-0: Called Strike
3-1: Foul Ball, location: 2F
3-2: Ground out 6-3 (Groundball, 6M, EV 85.0 MPH)
Top of the 7th over - 0 runs, 0 hits, 0 errors, 0 left on base; California 4 - Texas 4
BOTTOM OF THE 7TH
Texas Rangers batting - Pitching for California Angels : RHP Nick Madrid
Pitching: RHP Eric Cunningham
Pinch Hitting: RHB Sean Neuroth 0-0: SINGLE (Line Drive, 9LS, EV 93.1 MPH)
Batting: SHB Alvare Bairro 0-0: Fielders Choice at 2nd, 4-6 (Groundball, 34, EV 80.6 MPH)
Pinch Hitting: RHB Zhao-ji Chi 0-0: Fly out, F4 (Popup, 13, EV 84.4 MPH)
Pinch Hitting: LHB Josh Stuck 0-0: Swinging Strike
0-1: Ball
1-1: Ball
2-1: Called Strike
2-2: Foul Ball, location: 2F
2-2: Strikes out swinging
Bottom of the 7th over - 0 runs, 1 hit, 0 errors, 1 left on base; California 4 - Texas 4
TOP OF THE 8TH
California Angels batting - Pitching for Texas Rangers : RHP Kyle Curve
Pitching: RHP Brad Kramer
Now at 2B: Sean Neuroth
Now at SS: Andres Mendiola
Now in LF: Zhao-ji Chi
Batting: RHB Avery Maxwell 0-0: Ball
1-0: Ball
2-0: Ball
3-0: Called Strike
3-1: Base on Balls
Batting: RHB Bjoern Waltersson 0-0: Ball
1-0: Sac Bunt to 15 - play at first, batter OUT! 1-3
Avery Maxwell to second
Batting: LHB Justin Alexander 0-0: Foul Ball, location: 2F
0-1: Called Strike
Avery Maxwell steals 3rd base
0-2: Ground out 4-3 (Groundball, 4, EV 101.9 MPH)
Pinch Hitting: LHB Griffin Ferris 0-0: Ball
1-0: Swinging Strike
1-1: Foul Ball, location: 2F
1-2: Foul Ball, location: 2F
1-2: Strikes out swinging
Top of the 8th over - 0 runs, 0 hits, 0 errors, 1 left on base; California 4 - Texas 4
BOTTOM OF THE 8TH
Texas Rangers batting - Pitching for California Angels : RHP Eric Cunningham
Now in RF: Griffin Ferris
Pinch Hitting: RHB Jorge Benites 0-0: Ball
1-0: Ball
2-0: Ball
3-0: Called Strike
3-1: Foul Ball, location: 2F
3-2: Foul Ball, location: 2F
3-2: Strikes out swinging
Batting: RHB Trevor Mock 0-0: Ball
1-0: Swinging Strike
1-1: Called Strike
1-2: Foul Ball, location: 2F
1-2: Foul Ball, location: 2F
1-2: Foul Ball, location: 2F
1-2: Ball
2-2: Fly out, F4 (Line Drive, 4M, EV 66.9 MPH)
Batting: LHB Sean Geisler 0-0: Foul Ball, location: 2F
0-1: Ball
1-1: Called Strike
1-2: Foul Ball, location: 2F
1-2: Strikes out looking
Bottom of the 8th over - 0 runs, 0 hits, 0 errors, 0 left on base; California 4 - Texas 4
TOP OF THE 9TH
California Angels batting - Pitching for Texas Rangers : RHP Brad Kramer
Pitching: RHP Mike Webb
Now at 3B: Tim Adams
Batting: RHB Preston Deakyne 0-0: Ball
1-0: Ball
2-0: Ball
3-0: Called Strike
3-1: Base on Balls
Pinch Hitting: SHB Mario Padron 0-0: Swinging Strike
0-1: Called Strike
0-2: Strikes out looking
Pinch Hitting: LHB Mark Reeg 0-0: Foul Ball, location: 2F
0-1: Foul Ball, location: 2F
0-2: Ball
1-2: Ball
Preston Deakyne steals 2nd base
2-2: Foul Ball, location: 2F
2-2: Ball
3-2: Intentional Walk
Batting: RHB Josh Faulconer 0-0: Foul Ball, location: 2F
0-1: Called Strike
0-2: Ball
1-2: Ball
2-2: SINGLE (Groundball, 56D, EV 102.5 MPH)
Preston Deakyne to third
Mark Reeg to second
Runner from 3rd tries for Home, SAFE, throw by LF to home
Batting: RHB Ryuji Ito 0-0: Ball
1-0: Called Strike
1-1: Grounds into double play, 6-4-3 (Groundball, 6M, EV 84.4 MPH)
Top of the 9th over - 1 run, 1 hit, 0 errors, 1 left on base; California 5 - Texas 4
BOTTOM OF THE 9TH
Texas Rangers batting - Pitching for California Angels : RHP Eric Cunningham
Pitching: RHP Dave Thomas
Now at 2B: Ryan Munro
Now in LF: Mario Padron
Now in CF: Justin Alexander
Pinch Hitting: LHB Andy Bowman 0-0: Fly out, F8 (Flyball, 8LD, EV 90.6 MPH)
Batting: SHB Vince Ealy 0-0: Ball
1-0: Called Strike
1-1: Foul Ball, location: 2F
1-2: Ball
2-2: Strikes out swinging
Batting: RHB Sean Neuroth 0-0: Ball
1-0: Ball
2-0: SINGLE (Line Drive, 7S, EV 101.2 MPH)
Batting: SHB Alvare Bairro 0-0: Called Strike
0-1: Ball
1-1: Foul Ball, location: 2F
1-2: Strikes out swinging
Bottom of the 9th over - 0 runs, 1 hit, 0 errors, 1 left on base; California 5 - Texas 4
Tuesday, March 28th , 2023 - OOTP Baseball 23.10 Build 110